 Dungeon Crawl Stone Soup version 0.23.2-1-ga50397a (webtiles) character file.

Game seed: 10308912387297883012

2237 schauveau the Archer (level 9, -2/67 HPs)
             Began as a Centaur Hunter on May 1, 2019.
             Was a Follower of Okawaru.
             Killed by nerve-wracking pain
             ... invoked by an orc priest
              (9 damage)
             ... on level 7 of the Dungeon.
             The game lasted 00:12:05 (6640 turns).

schauveau the Archer (Centaur Hunter)               Turns: 6640, Time: 00:12:06

Health: -2/67      AC: 10    Str: 19    XL:     9   Next: 14%
Magic:  9/9        EV: 10    Int: 10    God:    Okawaru [*.....]
Gold:   357        SH:  5    Dex: 19    Spells: 8/8 levels left

rFire    . . .     SeeInvis .   b - +3 broad axe "Irael" {chop, rC++ Dex+4}
rCold    + + +     Gourm    .   (no shield)
rNeg     . . .     Faith    .   z - +2 leather armour {rC+}
rPois    .         Spirit   .   v - +0 helmet
rElec    .         Reflect  +   (no cloak)
rCorr    .         Harm     .   l - +1 pair of gloves
MR       .....                  (no barding)
Stlth    +.........             o - +5 amulet of reflection
HPRegen  0.21/turn              q - +3 ring of strength
MPRegen  0.11/turn              u - +3 ring of dexterity

@: very quick
A: large, hooves 3, deformed body, speed 2, tough skin 3
a: Heroism, Renounce Religion


You were on level 7 of the Dungeon.
You worshipped Okawaru.
Okawaru was aware of your devotion.
You were not hungry.

You visited 2 branches of the dungeon, and saw 8 of its levels.
You also visited: Ossuary.

You collected 357 gold pieces.

Inventory:

Hand Weapons
 a - a +1 shortbow
 b - the +3 broad axe "Irael" (weapon) {chop, rC++ Dex+4}
   (You found it on level 6 of the Dungeon)

   It inflicts extra damage upon your enemies.
   It affects your dexterity (+4).
   It greatly protects you from cold.
 n - a +0 flail
 G - a +0 short sword
 M - a +0 blowgun
Missiles
 d - 158 arrows
 e - 136 stones (quivered)
 m - 5 tomahawks
 N - 44 poisoned needles
Armour
 c - a +0 leather armour
 i - a +0 chain mail
 l - a +1 pair of gloves (worn)
 v - a +0 helmet (worn)
 z - a +2 leather armour of cold resistance (worn)
 K - a cursed +0 buckler
Jewellery
 o - a +5 amulet of reflection (around neck)
 q - a +3 ring of strength (left hand)
 u - a +3 ring of dexterity (right hand)
 I - a +5 ring of intelligence
Scrolls
 g - 2 scrolls of fog
 h - a scroll of blinking {unknown}
 j - 2 scrolls of fear
 k - 2 scrolls of amnesia
 s - 3 scrolls of magic mapping
 t - a scroll of summoning {unknown}
 y - 4 scrolls of enchant armour
 D - 3 scrolls of remove curse
 J - 2 scrolls of teleportation {unknown}
 O - a scroll of identify
 P - a scroll of enchant weapon {unknown}
Potions
 p - 9 potions of curing
 w - 2 potions of ambrosia {unknown}
 x - a potion of haste {unknown}
 A - a potion of resistance {unknown}
 B - 5 potions of agility
 C - 2 potions of lignification {unknown}
 E - 2 potions of might {unknown}
 F - a potion of mutation {unknown}
 H - 2 potions of heal wounds {unknown}
 L - 4 potions of magic
Comestibles
 f - 14 rations
 r - 4 chunks of flesh


   Skills:
 - Level 2.0 Fighting
 * Level 13.5 Bows
 + Level 5.0 Armour
 - Level 1.3 Dodging
 - Level 0.4 Stealth


You had 8 spell levels left.
You didn't know any spells.
Your spell library contained the following spells:

 Spells                   Type           Power        Failure   Level  Hunger
 Sandblast                Erth           #.....       41%         1    ##.....
 Passwall                 Tmut/Erth      #.......     54%         2    ###....
 Stone Arrow              Conj/Erth      #.....       78%         3    ####...
 Petrify                  Tmut/Erth      #.......     99%         4    #####..
 Lee's Rapid Deconstruct  Erth           #.........   100%        5    ######.


Dungeon Overview and Level Annotations

Branches:
Dungeon (7/15)             Temple (1/1) D:6

Altars:
Ashenzari
Cheibriados
Dithmenos
Fedhas
Gozag
Hepliaklqana
Kikubaaqudgha
Makhleb
Nemelex Xobeh
Okawaru
Qazlal
Sif Muna
Trog
Uskayaw
Vehumet
Xom
Yredelemnul
Zin
The Shining One


Innate Abilities, Weirdness & Mutations

You have hooves in place of feet.
Armour fits poorly on your strangely shaped body.
You cover ground very quickly.
You have extremely tough skin. (AC +3)


Message History

You kill the orc!
The orc priest barely misses you.
You hit the orc priest.
The orc priest is moderately wounded.
The orc priest hits you with a +0 mace!
* * * LOW HITPOINT WARNING * * *
You hit the orc priest. You kick the orc priest.
The orc priest is heavily wounded.
The orc priest hits you but does no damage.
You closely miss the orc priest. Your kick misses the orc priest.
The orc priest is heavily wounded.
The orc priest hits you with a +0 mace!
* * * LOW HITPOINT WARNING * * *
The orc priest hits you with a +0 mace.
* * * LOW HITPOINT WARNING * * *
You closely miss the orc priest. You kick the orc priest!
The orc priest is almost dead.
The orc priest invokes the aid of Beogh against you.
Pain shoots through your body!
You die...

..... ## .....
..#### .....
.......####..(..
..............
...........(.
..........(#
........)o#
........@#
.........#
?.......## ## #.
........#####
##. .#
..............#
.. .
........#.....##
.#.
........#.>....#
#.#
......##......##
#.##
.....##.......#
###..###


You could see an orc priest.

Vanquished Creatures
  3 orc warriors
  An ice beast (D:6)
  2 black bears
  A phantom (D:4)
  2 centaurs
  2 ogres
  2 bullfrogs
  A howler monkey (D:6)
  A crimson imp (D:5)
  3 centaur zombies
  A hound (D:6)
  4 human zombies (Ossuary)
  4 bullfrog skeletons
  2 orc priests
  5 orc wizards
  2 iguanas (D:6)
  5 worker ants
  2 big kobold zombies (Ossuary)
  2 mummies (Ossuary)
  2 worker ant zombies (D:6)
  12 adders
  2 howler monkey skeletons
  A shadow imp (D:6)
  An ooze (D:6)
  A worm (D:2)
  A leopard gecko (D:6)
  20 orcs
  3 giant cockroaches
  9 goblins
  6 hobgoblins
  24 jackals
  7 kobolds
  5 quokkas
  5 bats
  4 frilled lizards
  A leopard gecko skeleton (D:3)
  10 rats
159 creatures vanquished.

Notes
Turn   | Place    | Note
-------+----------+-------------------------------------------
     0 | D:1      | schauveau the Centaur Hunter began the quest for the Orb.
     0 | D:1      | Reached XP level 1. HP: 17/17 MP: 1/1
   264 | D:3      | Reached XP level 2. HP: 4/24 MP: 2/2
   270 | D:3      | Reached skill level 6 in Bows
   665 | D:3      | Reached XP level 3. HP: 29/29 MP: 3/3
   844 | D:4      | Found a radiant altar of Vehumet.
   865 | D:4      | Reached skill level 7 in Bows
   865 | D:4      | Reached skill level 1 in Armour
   865 | D:4      | Reached XP level 4. HP: 27/36 MP: 4/4
   972 | D:4      | Reached XP level 5. HP: 31/41 MP: 5/5
  1029 | D:5      | Entered Level 5 of the Dungeon
  1059 | D:4      | Reached skill level 8 in Bows
  1281 | D:4      | Found a sand-covered staircase.
  1290 | Ossuary  | Entered an ossuary
  1523 | Ossuary  | Reached XP level 6. HP: 47/48 MP: 6/6
  1542 | Ossuary  | Reached skill level 9 in Bows
  2555 | D:6      | Noticed an orc warrior
  2572 | D:5      | Reached XP level 7. HP: 29/55 MP: 7/7
  2788 | D:5      | Found a shattered altar of Ashenzari.
  2855 | D:6      | Reached skill level 10 in Bows
  2879 | D:6      | Got a crystal broad axe
  2880 | D:6      | Identified the cursed +3 broad axe "Irael" {chop, rC++
                  | Dex+4} (You found it on level 6 of the Dungeon)
  3194 | D:6      | Reached skill level 11 in Bows
  3217 | D:6      | Reached XP level 8. HP: 53/61 MP: 8/8
  3223 | D:6      | Found a deep blue altar of Sif Muna.
  3238 | D:6      | Found a staircase to the Ecumenical Temple.
  3255 | Temple   | Entered the Ecumenical Temple
  4335 | D:3      | Reached skill level 12 in Bows
  4417 | D:2      | Found a faded altar of an unknown god.
  4690 | D:2      | Found a bloodstained altar of Trog.
  4741 | D:2      | Found an iron altar of Okawaru.
  4742 | D:2      | Found an ancient bone altar of Kikubaaqudgha.
  4750 | D:2      | Became a worshipper of Warmaster Okawaru
  6353 | D:5      | Reached * piety under Okawaru
  6353 | D:5      | Reached skill level 13 in Bows
  6584 | D:7      | Reached XP level 9. HP: 51/67 MP: 9/9
  6593 | D:7      | Reached skill level 5 in Armour
  6640 | D:7      | Killed from afar by an orc priest

Skill      XL: |  1  2  3  4  5  6  7  8  9 |
---------------+----------------------------+-----
Bows           | 6 7 8 9 11 13 | 13.5
Armour         | 1 2 3 4 5 |  5.0
Fighting       | |  2.0
Dodging        | |  1.3
Stealth        | |  0.4

Action                   |  1- 3 |  4- 6 |  7- 9 || total
-------------------------+-------+-------+-------++-------
Melee: Short sword       |    38 |   132 |       ||   170
       Kick              |    10 |    47 |    65 ||   122
       Broad axe         |       |       |   211 ||   211
 Fire: Shortbow          |    30 |    71 |    55 ||   156
  Use: Scroll            |       |     2 |    13 ||    15
 Stab: Sleeping          |       |       |     1 ||     1
  Eat: Chunk             |       |     1 |     7 ||     8
       Ration            |       |     1 |     1 ||     2
Armor: Leather armour    |    10 |       |    16 ||    26
       Chain mail        |    18 |    72 |   163 ||   253
Dodge: Dodged            |    11 |    24 |    71 ||   106
Block: Other             |       |       |    20 ||    20
       Reflection        |       |       |     2 ||     2
